 Dungeon Crawl Stone Soup version 0.20-a0-647-gf178af5 (webtiles) character file.

568 GameOver the Sneak (level 7, -8/55 HPs)
             Began as a Naga Wizard on Feb 15, 2017.
             Mangled by Edmund
             ... wielding a +3 dire flail of protection
              (9 damage)
             ... on level 5 of the Dungeon.
             The game lasted 00:24:47 (2342 turns).

GameOver the Sneak (Naga Wizard)                    Turns: 2342, Time: 00:24:48

Health: -8/55      AC:  3    Str:  9      XL:     7   Next: 33%
Magic:  11/11      EV:  1    Int: 21      God:
Gold:   170        SH:  0    Dex:  4 (14) Spells: 4/12 levels left

rFire    . . .     SeeInvis +   f - +0 club (curse)
rCold    . . .     Gourm    .   a - +0 robe
rNeg     . . .     Faith    .   (no shield)
rPois    +         Spirit   .   b - +0 hat
rElec    .         Reflect  .   (no cloak)
rCorr    .         Harm     .   (no gloves)
MR       .....                  (no barding)
Stlth    ..........             h - amulet of rage
Regen    0.2/turn               (no ring)
MPRegen  0.2/turn               (no ring)

@: agile, slowed, lost dexterity, very slow
A: see invisible, deformed body, poison resistance, slowness 2, slow metabolism
1, spit poison 1, AC +2
a: Spit Poison, Evoke Berserk Rage


You were on level 5 of the Dungeon.
You were not hungry.

You visited 1 branch of the dungeon, and saw 5 of its levels.

You collected 170 gold pieces.

Inventory:

Hand Weapons
 f - a cursed +0 club (weapon)
 m - a +0 war axe
 q - a +0 hunting sling
 v - a +3 dagger of venom
 x - a +0 trident
Missiles
 k - 8 tomahawks (quivered)
 r - 15 sling bullets
 s - 4 javelins
 w - 10 arrows
Armour
 a - a +0 robe (worn)
 b - a +0 hat (worn)
 i - a +0 shield
Jewellery
 h - an amulet of rage (around neck)
Wands
 y - a wand of paralysis (8/24)
Scrolls
 g - a scroll of amnesia
 l - a scroll of enchant weapon
Potions
 n - a potion of might
 o - a potion of agility
 t - a potion of curing
Books
 c - a book of Minor Magic

   Spells                             Type                      Level
   a - Magic Dart                     Conjuration                  1
   b - Blink                          Translocation                2
   c - Call Imp                       Summoning                    2
   d - Slow                           Hexes                        2
   e - Conjure Flame                  Conjuration/Fire             3
   f - Mephitic Cloud                 Conjuration/Poison/Air       3
Comestibles
 d - a bread ration
 j - a meat ration
 p - a chunk of flesh


   Skills:
 - Level 1.5 Dodging
 + Level 6.9 Stealth
 - Level 3.0 Spellcasting
 + Level 4.1 Conjurations
 - Level 1.0 Summonings
 - Level 1.0 Translocations
 + Level 3.2 Air Magic
 + Level 4.2 Poison Magic


You had 4 spell levels left.
You knew the following spells:

 Your Spells              Type           Power        Failure   Level  Hunger
a - Magic Dart            Conj           ###.         2%          1    None
b - Blink                 Tloc           N/A          14%         2    ##.....
c - Call Imp              Summ           #.......     14%         2    ##.....
s - Mephitic Cloud        Conj/Pois/Air  ###.....     10%         3    ###....


Dungeon Overview and Level Annotations

Branches:
Dungeon (5/15)
 Temple: D:4-7

Altars:
Okawaru

Shops:
D:4 }

Annotations:
D:4 Menkaure
D:5 Edmund


Innate Abilities, Weirdness & Mutations

You cannot wear boots.
Your serpentine skin is tough. (AC +2)
You have supernaturally acute eyesight. (SInv)
Armour fits poorly on your strangely shaped body.
Your system is resistant to poisons. (rPois)
You cover ground very slowly.
You have a slow metabolism.
You can spit poison.


Message History

* * * LOW HITPOINT WARNING * * *
An iguana comes into view.
Unknown command.
You open the door.
The iguana hisses angrily.
The quokka bites you.
* * * LOW HITPOINT WARNING * * *
The quokka bites you but does no damage.
The quokka bites you.
* * * LOW HITPOINT WARNING * * *
The quokka bites you.
* * * LOW HITPOINT WARNING * * *
Edmund hits you with a dire flail of protection.
* * * LOW HITPOINT WARNING * * *
The quokka bites you.
* * * LOW HITPOINT WARNING * * *
There is an open door here.
Unknown command.
Edmund hits you with a dire flail of protection!
You die...

#.....
....##...#...............
#....# .Z.
#...#.....#########.
#....####+###...#.....# ..
#......#........#.....# .
#..<...#........#.....# .
#......#...##...#.....#
##'#####...##...#.....#
#.....##...##...@.....#
#..............@#.....#
#...............#........
#..........##...#...l....
####+######+##...#.........
#.....)..... #...#.........
#........... #...#........
#........... #...#.......
#........5.. #####
#...........


You could see Edmund.

Vanquished Creatures
  2 ogres
  A scorpion (D:4)
  An orc priest (D:3)
  A quasit (D:5)
  A bullfrog skeleton (D:5)
  A hound (D:4)
  An orc wizard (D:3)
  Ijyb (D:2)
  2 worker ants (D:4)
  6 adders
  A shadow imp (D:5)
  An ooze (D:3)
  4 worms
  3 dart slugs
  8 orcs
  8 bats
  2 giant cockroaches (D:1)
  7 goblins
  8 hobgoblins
  8 jackals
  2 quokkas
  2 ball pythons
  3 frilled lizards
  8 kobolds
  7 rats
89 creatures vanquished.

Notes
Turn   | Place    | Note
-------+----------+-------------------------------------------
     0 | D:1      | GameOver the Naga Wizard began the quest for the Orb.
     0 | D:1      | Reached XP level 1. HP: 15/15 MP: 4/4
   133 | D:1      | Reached XP level 2. HP: 22/22 MP: 1/6
   244 | D:1      | Reached skill level 4 in Stealth
   389 | D:1      | Reached XP level 3. HP: 19/28 MP: 3/7
   524 | D:1      | Learned a level 2 spell: Blink
   528 | D:1      | Learned a level 3 spell: Mephitic Cloud
   531 | D:1      | Learned a level 2 spell: Call Imp
   698 | D:2      | Reached skill level 1 in Poison Magic
   756 | D:2      | Reached XP level 4. HP: 30/36 MP: 4/8
   873 | D:2      | Reached skill level 1 in Air Magic
   894 | D:2      | Reached skill level 5 in Stealth
  1064 | D:2      | Noticed Ijyb
  1117 | D:2      | Killed Ijyb
  1117 | D:2      | Reached XP level 5. HP: 42/42 MP: 3/9
  1210 | D:3      | Noticed an ice beast
  1812 | D:4      | Reached XP level 6. HP: 40/49 MP: 5/10
  1829 | D:4      | Reached skill level 6 in Stealth
  1892 | D:4      | Found Pemijol's Gadget Emporium.
  1922 | D:4      | Noticed Menkaure
  2043 | D:4      | Noticed a phantom
  2062 | D:5      | Entered Level 5 of the Dungeon
  2092 | D:5      | Learned a level 1 spell: Magic Dart
  2122 | D:5      | Reached XP level 7. HP: 36/55 MP: 7/11
  2175 | D:5      | Lost dexterity.
  2279 | D:5      | Found an iron altar of Okawaru.
  2337 | D:5      | Noticed Edmund
  2341 | D:5      | HP: 1/55 [quokka (3)]
  2342 | D:5      | Mangled by Edmund

Vault maps used:
D:1:      lightli_arrival_statuegarden, minmay_misc_feat_chi
D:2:      uniq_iyjb
D:4:      serial_shops, shop, minmay_bent, uniq_pikel, uniq_menkaure
D:5:      basic_altar, first_bread, uniq_crazy_yiuf_cottage, uniq_edmund

Skill      XL: |  1  2  3  4  5  6  7 |
---------------+----------------------+-----
Stealth        | 4 5 6 |  6.9
Conjurations   | 2 3 4 |  4.1
Poison Magic   | 1 2 4 |  4.2
Air Magic      | 1 2 3 |  3.2
Dodging        | |  1.5
Spellcasting   | |  3.0
Summonings     | |  1.0
Translocations | |  1.0

Action                   |  1- 3 |  4- 6 |  7- 9 || total
-------------------------+-------+-------+-------++-------
Melee: Club              |    18 |    33 |    17 ||    68
 Cast: Magic Dart        |    36 |    51 |    26 ||   113
       Mephitic Cloud    |       |     6 |       ||     6
 Abil: Spit Poison       |    32 |    57 |     5 ||    94
  Use: Scroll            |       |    10 |       ||    10
       Potion            |       |       |     3 ||     3
 Stab: Confused          |       |     1 |       ||     1
  Eat: Chunk             |     1 |     8 |     1 ||    10
Armor: Robe              |     3 |    10 |    60 ||    73
Dodge: Dodged            |    28 |    19 |    36 ||    83
